 Dungeon Crawl Stone Soup version 0.31-a0-569-g7ea453304b (webtiles) character file.

Game seed: 11594624424156955360

118667 GordonOverkill the Bludgeoner (level 16, -5/95 HPs)
             Began as a Vine Stalker Delver on Aug 16, 2023.
             Was a High Priest of Makhleb.
             Slain by a six-headed hydra (14 damage)
             ... on level 2 of the Swamp on Aug 18, 2023.
             The game lasted 01:37:08 (27946 turns).

GordonOverkill the Bludgeoner (VSDe)               Turns: 27946, Time: 01:37:09

Health: -5/95      AC: 27    Str: 22    XL:     16   Next: 77%
Magic:  0/24       EV: 13    Int: 10    God:    Makhleb [*****.]
Gold:   904        SH: 10    Dex: 17    Spells: 15/15 levels left

rFire   + . .        e - +4 morningstar
rCold   + + .        w - +0 kite shield
rNeg    . . .        M - +2 plate armour {rC+}
rPois   +            a - +2 hat
rElec   .            V - scarf {rC+ rF+}
rCorr   .            f - +2 pair of gloves {Stlth+}
SInv    .            O - +0 pair of boots
Will    ++...        Y - amulet of Tuomuys {Spirit Fly rPois} Stlth
                     i - +4 ring of protection
HPRegen 1.15/turn    I - +5 ring of evasion
MPRegen 0.19/turn

%: guardian spirit
@: flying, studying Ice Magic
A: fangs 3, regeneration 1, magic shield, antimagic bite, no potion heal 2
a: Renounce Religion, Minor Destruction, Lesser Servant of Makhleb, Major
Destruction, Greater Servant of Makhleb


You were on level 2 of the Swamp.
You worshipped Makhleb.
Makhleb was extremely pleased with you.
You visited 5 branches of the dungeon, and saw 25 of its levels.
You also visited: Ice Cave.

You collected 2341 gold pieces.
You spent 1437 gold pieces at shops.

Inventory:

Hand Weapons
 e - a +4 morningstar (weapon)
 n - a +1 morningstar of freezing
Missiles
 r - 10 javelins
 B - 24 poisoned darts
 L - a curare-tipped dart
 U - 4 boomerangs (quivered)
Armour
 a - a +2 hat (worn)
 f - a +2 pair of gloves of stealth (worn)
 w - a +0 kite shield (worn)
 M - a +2 plate armour of cold resistance (worn)
 O - a +0 pair of boots (worn)
 V - a scarf of resistance (worn)
Magical Staves
 s - a staff of fire
 x - a staff of air
Jewellery
 i - a +4 ring of protection (left hand)
 v - a ring of ice
 y - a ring of positive energy
 C - an amulet of reflection
 D - the macabre finger necklace {Finger+ rN+}
   (You found it in an ice cave)

   [amulet of nothing]

   Finger+:   It enables you to equip an extra ring.
   rN+:       It protects you from negative energy.
 I - a +5 ring of evasion (right hand)
 N - the ring "Cudwuy" {Ice Dex+2}
   (You found it on level 5 of the Lair of Beasts)

   [ring of ice]

   Ice:       It enhances your ice magic.
   Dex+2:     It affects your dexterity (+2).
   rF-:       It makes you vulnerable to fire.
   rC+:       It protects you from cold.
 Q - a +4 ring of protection
 T - the amulet "Tawk" {Acrobat rElec rCorr MP-9}
   (You bought it in a shop on level 1 of the Orcish Mines)

   [amulet of the acrobat]

   Acrobat:   It increases your evasion while moving and waiting.
   rElec:     It insulates you from electricity.
   MP-9:      It affects your magic capacity (-9).
   rCorr:     It protects you from acid and corrosion.
 Y - the amulet of Tuomuys (around neck) {Spirit Fly rPois}
   (You found it on level 2 of the Swamp)

   [amulet of guardian spirit]

   Spirit:    It causes incoming damage to be divided between your reserves of
   health and magic.
   rPois:     It protects you from poison Fly: It grants you flight.
Wands
 b - a wand of iceblast (8)
 g - a wand of quicksilver (1)
 u - a wand of charming (27)
 z - a wand of flame (25)
Scrolls
 c - 4 scrolls of fog
 h - 7 scrolls of enchant armour
 l - 6 scrolls of poison
 m - 7 scrolls of teleportation
 o - 5 scrolls of enchant weapon
 A - a scroll of fear
 H - a scroll of brand weapon
 R - 6 scrolls of identify
 S - a scroll of silence
 X - 2 scrolls of revelation
Potions
 j - 5 potions of cancellation
 k - 8 potions of mutation
 p - 4 potions of haste
 q - 4 potions of ambrosia
 t - 3 potions of curing
 E - 3 potions of lignification
 F - 2 potions of might
 G - 2 potions of enlightenment
 J - 4 potions of invisibility
 K - 2 potions of magic
 P - 3 potions of resistance


   Skills:
 - Level 15.0 Fighting
 - Level 2.0 Short Blades
 + Level 15.9 Maces & Flails
 - Level 2.0 Throwing
 - Level 10.0 Armour
 - Level 5.0 Dodging
 - Level 6.0 Stealth
 - Level 5.0 Shields
 + Level 10.6 Invocations
 - Level 5.0 Evocations


You had 15 spell levels left.
You didn't know any spells.
Your spell library contained the following spells:

 Spells                   Type           Power      Damage    Failure   Level
 Apportation              Tloc           0%         N/A       100%        1
 Magic Dart               Conj           0%         1d3       100%        1
 Necrotise                Necr           0%         1d4       100%        1
 Shock                    Conj/Air       0%         1d3       100%        1
 Summon Small Mammal      Summ           0%         N/A       100%        1
 Blink                    Tloc           0%         N/A       100%        2
 Call Imp                 Summ           0%         N/A       100%        2
 Lesser Beckoning         Tloc           0%         N/A       100%        2
 Momentum Strike          Conj/Tloc      0%         3d8       100%        2
 Gell's Gravitas          Tloc           0%         N/A       100%        3
 Hailstorm                Conj/Ice       0%         3d3       100%        3
 Mephitic Cloud           Conj/Pois/Air  0%         N/A       100%        3
 Swiftness                Air            0%         N/A       100%        3
 Teleport Other           Tloc           0%         N/A       100%        3
 Airstrike                Air            0%         2d(0-16)  100%        4
 Animate Armour           Summ/Erth      0%         N/A       100%        4
 Summon Ice Beast         Ice/Summ       0%         N/A       100%        4
 Summon Lightning Spire   Summ/Air       0%         N/A       100%        4
 Lee's Rapid Deconstruct  Erth           0%         3d4*      100%        5
 Simulacrum               Ice/Necr       0%         N/A       100%        6


Dungeon Overview and Level Annotations

Branches:
Dungeon (15/15) Temple (1/1) D:7 Lair (5/5) D:9 Swamp (2/4) Lair:3 Snake (0/4) Lair:3 Slime (0/5) Lair:5 Orc (2/2) D:11 Elf (0/3) Orc:2 Vaults (0/5) D:13 D:14 Depths (0/4) D:15 IceCv (visited)

Altars:
Ashenzari
Cheibriados
Dithmenos
Elyvilon
Fedhas
Gozag
Hepliaklqana
Kikubaaqudgha
Makhleb
Nemelex Xobeh
Okawaru
Qazlal
Ru
Sif Muna
Trog
Uskayaw
Vehumet
Wu Jian
Xom
Yredelemnul
Zin
The Shining One
Jiyva

Shops:
D:13 *   Orc:1 =   Orc:2 **!*[*

Portals:
Bazaar: D:11
Trove: D:10 (give 3 scrolls of blinking)

Annotations:
D:11 2 runed translucent doors, AdnanSaban's ghost, journeyman GrFi
D:13 1 exclusion
Lair:3 exclusion: oklob plant
Swamp:2 2 transporters, Puiheim's ghost, adept AtEn


Innate Abilities, Weirdness & Mutations

You have razor-sharp teeth.
Your natural rate of healing is unusually fast.
When hurt, damage is shared between your health and your magic reserves.
Your bite disrupts and absorbs the magic of your enemies.
Potions cannot restore your health.


Message History

You hear a splash. x2
The +1 spectral quarterstaff disappears.
The six-headed hydra bites you. The six-headed hydra bites you!
The six-headed hydra bites you!!
* * * LOW HITPOINT WARNING * * *
You block the six-headed hydra's attack.
The six-headed hydra bites you but does no damage.
You block the six-headed hydra's attack.
You hit the six-headed hydra. You bite the six-headed hydra!
You drain its power.
You feel invigorated.
The six-headed hydra is lightly wounded.
You hit the six-headed hydra but do no damage.
Your bite misses the six-headed hydra.
The six-headed hydra is lightly wounded.
The six-headed hydra closely misses you.
The six-headed hydra barely misses you.
You block the six-headed hydra's attack.
The six-headed hydra bites you!
* * * LOW HITPOINT WARNING * * *
The six-headed hydra closely misses you.
The six-headed hydra bites you!
* * * LOW HITPOINT WARNING * * *
A demon appears!
The six-headed hydra misses you. The six-headed hydra bites you!
* * * LOW HITPOINT WARNING * * *
The six-headed hydra bites you.
* * * LOW HITPOINT WARNING * * *
The six-headed hydra bites you but does no damage.
The six-headed hydra closely misses you.
The six-headed hydra bites you but does no damage.
Okay, then.
Okay, then.
Your orange demon stings the six-headed hydra from afar.
You hit the six-headed hydra. Your bite misses the six-headed hydra.
The six-headed hydra is moderately wounded.
You block the six-headed hydra's attack. x2
The six-headed hydra bites you!!
* * * LOW HITPOINT WARNING * * *
The six-headed hydra misses you. The six-headed hydra bites you!!
You die...

~~♣♣♣...♣♣..~~~~.>.~~
♣ ♣....♣♣♣♣...~~~.~~
♣..~~♣ ♣♣..~~~~~§
♣♣~~~~♣♣ ♣♣.~~~~~~ ~♣
♣♣..~§..♣ ♣~§~~...
..~♣♣.~~~~.~♣
.....~4§~~..♣
~~~..~~~~♣~♣♣
~~§~..~@D♣♣♣
~~~~.~~~).♣
~~~.~~~~~.♣
.....§~§~.§♣
♣~♣♣..~~~...~ ♣
♣~..~~~~~..
♣♣♣...~~~~..
♣~...~~.§~


You could see a six-headed hydra (strong, ally target) and a friendly orange
demon (summoned).

Vanquished Creatures
  Rupert (D:14)
  Gastronok (D:8)
  Kirke (D:15)
  Donald (Orc:1)
  Agnes (D:15)
  A frost giant (D:15)
  Azrael (D:12)
  Nessos (D:13)
  2 eleionomae (Swamp:1)
  A dire elephant (Lair:5)
  9 hydras
  7 alligators
  A merfolk avatar (Lair:5)
  3 catoblepae
  4 centaur warriors
  5 boulder beetles
  6 two-headed ogres
  3 tengu warriors
  Urug (D:14)
  5 orc high priests
  3 spriggans
  A skyshark (Lair:5)
  Sonja (Lair:5)
  3 skeletal warriors
  A goliath frog (Swamp:2)
  2 spriggan druids
  A sea snake (Lair:5)
  6 bog bodies
  Pikel (D:5)
  8 orc knights
  2 orc sorcerers
  Jeremiah (D:8)
  A wolf spider (D:13)
  14 ugly things
  3 manticores
  A salamander (Lair:3)
  5 cyclopes
  Maurice (Orc:2)
  An ice statue (IceCv)
  13 elephants
  A guardian serpent (D:14)
  2 black mambas
  Joseph (D:8)
  A gargoyle (D:14)
  A torpor snail (Lair:2)
  10 cane toads
  6 rime drakes
  7 komodo dragons
  An anaconda simulacrum (IceCv)
  An ice devil (IceCv)
  A freezing wraith (D:13)
  A queen bee (D:14)
  3 polar bears
  6 meliai
  4 trolls
  3 tyrant leeches (Swamp:1)
  Prince Ribbit (D:5)
  4 hornets
  7 blink frogs (Lair:4)
  9 dream sheep
  A centaur simulacrum (D:14)
  15 slime creatures
  33 yaks
  3 shadows
  3 dire elephant simulacra (IceCv)
  5 wyverns
  2 vampires
  2 fire elementals (D:12)
  6 hogs
  Grum (D:10)
  16 humans
  6 vampire mosquitoes
  5 basilisks
  3 steam dragons
  2 death yak simulacra (IceCv)
  5 swamp worms
  2 nagas (Lair:3)
  A warg (Orc:2)
  2 acid dragons
  2 hydra simulacra (IceCv)
  A swamp drake (D:11)
  4 hell hounds (D:12)
  16 water moccasins
  35 orc warriors
  6 black bears
  5 ogres
  2 sky beasts
  34 wolves
  5 centaurs
  3 lemures
  2 phantoms (D:4)
  11 bullfrogs
  5 two-headed ogre simulacra (IceCv)
  2 kobold brigands
  4 gnoll sergeants
  3 cane toad simulacra (IceCv)
  4 scorpions
  3 wights
  27 killer bees
  9 howler monkeys
  5 electric eels
  4 quasits (D:7)
  25 orc priests
  11 hounds
  6 gnoll boudas
  A jelly (D:4)
  2 sleepcaps
  Ijyb (D:5)
  7 iguanas
  13 orc wizards
  2 hell rats (D:7)
  8 spriggan simulacra (IceCv)
  6 troll simulacra (IceCv)
  2 polar bear simulacra (IceCv)
  A wolf simulacrum (IceCv)
  48 gnolls
  6 adders
  7 naga simulacra (IceCv)
  6 river rats (D:7)
  7 shadow imps
  6 white imps
  16 ufetubi
  2 worms
  A dart slug (D:2)
  77 orcs
  10 endoplasms
  3 giant cockroaches
  11 goblins
  4 hobgoblins
  8 jackals
  16 kobolds
  11 quokkas
  8 ball pythons
  A bat (D:2)
  3 frilled lizards
  21 rats
856 creatures vanquished.

Vanquished Creatures (collateral kills)
  Snorg (Lair:5)
  A catoblepas (D:13)
  2 boulder beetles
  A centaur warrior (D:15)
  A skeletal warrior (D:13)
  A swamp dragon (Swamp:1)
  A torpor snail (Lair:5)
  A komodo dragon (Lair:5)
  2 polar bears (Lair:5)
  A hornet (Lair:5)
  Grinder (D:5)
  A hornet (shapeshifter) (D:14)
  A wind drake (Lair:5)
  2 snapping turtles (Lair:5)
  A slime creature (D:14)
  A yak (Lair:5)
  An orc warrior (Orc:2)
  2 orc priests (Orc:2)
  4 orcs (Orc:2)
26 creatures vanquished.

Vanquished Creatures (others)
  A bloated husk (Swamp:1)
  A wolf (D:10)
2 creatures vanquished.

Grand Total: 884 creatures vanquished

Notes
Turn   | Place    | Note
-------+----------+-------------------------------------------
     0 | D:5      | GordonOverkill the Vine Stalker Delver began the quest for
                  | the Orb.
     0 | D:5      | Reached XP level 1. HP: 11/11 MP: 2/2
     1 | D:6      | Noticed a scorpion
    40 | D:5      | Noticed a hound
    85 | D:5      | Noticed a hound
    98 | D:5      | Noticed Ijyb
   102 | D:4      | Noticed a phantom
   111 | D:4      | Noticed a sleepcap
   305 | D:2      | Reached XP level 2. HP: 16/16 MP: 3/3
   535 | D:1      | Reached skill level 1 in Evocations
   606 | D:1      | Reached skill level 1 in Maces & Flails
   606 | D:1      | Reached XP level 3. HP: 20/20 MP: 4/4
  1476 | D:3      | Gained mutation: Your natural rate of healing is unusually
                  | fast. [Vine Stalker growth]
  1476 | D:3      | Reached XP level 4. HP: 24/24 MP: 5/5
  2412 | D:4      | Noticed an ogre
  2422 | D:4      | Killed an ogre
  2423 | D:4      | Reached skill level 1 in Throwing
  2423 | D:4      | Reached skill level 1 in Armour
  2423 | D:4      | Reached XP level 5. HP: 28/28 MP: 6/6
  2423 | D:4      | Noticed a phantom
  2433 | D:4      | Killed a phantom
  2434 | D:4      | Reached XP level 6. HP: 32/32 MP: 7/7
  2792 | D:4      | Reached XP level 7. HP: 36/36 MP: 8/8
  2919 | D:5      | Killed Ijyb
  3087 | D:5      | Noticed Grinder
  3095 | D:5      | Killed Grinder
  3197 | D:5      | Gained mutation: You have razor-sharp teeth. [Vine Stalker
                  | growth]
  3197 | D:5      | Reached XP level 8. HP: 38/40 MP: 6/9
  3204 | D:5      | Reached skill level 5 in Maces & Flails
  3313 | D:5      | Reached skill level 5 in Evocations
  3340 | D:5      | Noticed Prince Ribbit
  3353 | D:5      | Killed Prince Ribbit
  3363 | D:5      | Noticed Pikel
  3390 | D:5      | Killed Pikel
  3391 | D:5      | Reached XP level 9. HP: 44/44 MP: 10/10
  4147 | D:5      | Found a sacrificial altar of Ru.
  4424 | D:6      | Found a snail-covered altar of Cheibriados.
  4773 | D:6      | Found a shadowy altar of Dithmenos.
  5368 | D:7      | Reached XP level 10. HP: 51/51 MP: 11/11
  5425 | D:7      | Reached skill level 5 in Fighting
  5428 | D:7      | Found a staircase to the Ecumenical Temple.
  5648 | D:7      | Reached skill level 5 in Armour
  6146 | Temple   | Entered the Ecumenical Temple
  6233 | Temple   | Became a worshipper of Makhleb the Destroyer
  6331 | D:8      | Noticed Joseph
  6339 | D:8      | Killed Joseph
  6340 | D:8      | Reached skill level 1 in Invocations
  6510 | D:8      | Noticed Jeremiah
  6533 | D:8      | Killed Jeremiah
  6534 | D:8      | Reached skill level 10 in Maces & Flails
  6760 | D:8      | Identified the +1 robe "Entahugin" {rF+ rN+ Slay+2 Stlth+}
  6809 | D:8      | Paralysed by a hornet for 3 turns
  7019 | D:8      | Noticed Gastronok
  7047 | D:8      | Killed Gastronok
  7048 | D:8      | Reached skill level 5 in Invocations
  7112 | D:8      | Reached XP level 11. HP: 45/55 MP: 9/15
  8046 | D:9      | Noticed a two-headed ogre
  8050 | D:9      | Killed a two-headed ogre
  8084 | D:9      | Reached * piety under Makhleb
  8197 | D:9      | Found a staircase to the Lair.
  8504 | D:9      | Identified the +1 ring mail of Fun {Int+4}
  8572 | D:10     | Entered Level 10 of the Dungeon
  8726 | D:10     | Found a shimmering altar of Xom.
  8758 | D:10     | Noticed Grum
  8775 | D:10     | Killed Grum
  8927 | D:10     | Noticed a two-headed ogre
  8931 | D:10     | Killed a two-headed ogre
  8931 | D:10     | Reached ** piety under Makhleb
  9025 | D:10     | Noticed a cyan ugly thing
  9033 | D:10     | Killed a cyan ugly thing
  9297 | D:10     | Paralysed by a hornet for 1 turns
  9394 | D:10     | Found a sparkling altar of Nemelex Xobeh.
  9438 | D:10     | Noticed a two-headed ogre
  9443 | D:10     | Killed a two-headed ogre
  9521 | D:10     | Found a portal to a secret trove of treasure.
  9538 | D:10     | Upgraded the game from 0.31-a0-549-gf98fd537a9 to
                  | 0.31-a0-559-g03b8d61ab2
  9676 | D:11     | Noticed a manticore
  9686 | D:11     | Killed a manticore
  9736 | D:11     | Reached XP level 12. HP: 60/60 MP: 16/16
  9740 | D:11     | Found a staircase to the Orcish Mines.
  9941 | D:11     | Found a large runed translucent door.
  9941 | D:11     | Found a large runed translucent door.
  9941 | D:11     | Noticed AdnanSaban's ghost (journeyman GrFi)
 10292 | D:11     | Found a gateway to a bazaar.
 10633 | Lair:1   | Entered Level 1 of the Lair of Beasts
 10660 | Lair:1   | Reached skill level 1 in Shields
 10731 | Lair:1   | Noticed a seven-headed hydra
 10772 | D:9      | Killed a seven-headed hydra
 11249 | Lair:1   | Reached *** piety under Makhleb
 11537 | Lair:2   | You fall into a shaft and drop 2 floors!
 11597 | Lair:4   | Noticed a six-headed hydra
 11607 | Lair:4   | Killed a six-headed hydra
 12012 | Lair:4   | Reached XP level 13. HP: 66/66 MP: 17/17
 12211 | Lair:2   | Reached **** piety under Makhleb
 12301 | Lair:2   | Reached skill level 5 in Shields
 12418 | Lair:2   | Reached skill level 5 in Dodging
 13316 | Lair:3   | Found a staircase to the Swamp.
 13908 | Lair:3   | Found a staircase to the Snake Pit.
 14729 | Lair:4   | Reached ***** piety under Makhleb
 15164 | Lair:5   | Entered Level 5 of the Lair of Beasts
 15164 | Lair:5   | Noticed Snorg
 15233 | Lair:5   | Killed Snorg
 15286 | Lair:5   | Reached skill level 10 in Fighting
 15488 | Lair:5   | Noticed Sonja
 15492 | Lair:5   | Killed Sonja
 15530 | Lair:5   | Reached XP level 14. HP: 74/77 MP: 19/19
 15618 | Lair:5   | Noticed a dire elephant
 15676 | Lair:5   | Killed a dire elephant
 15854 | Lair:5   | Identified the ring "Cudwuy" {Ice Dex+2}
 15859 | Lair:5   | Identified the +4 trident "Soxzeif" {freeze, Int+2}
 15897 | Lair:5   | Paralysed by a hornet for 1 turns
 15982 | Lair:5   | Found a viscous altar of Jiyva.
 15982 | Lair:5   | Found a staircase to the Slime Pits.
 17576 | D:12     | Noticed Azrael
 17819 | Orc:1    | Entered Level 1 of the Orcish Mines
 17842 | Orc:1    | Found a frozen archway.
 17901 | IceCv    | Entered an ice cave
 18823 | IceCv    | Found the macabre finger necklace {Finger+ rN+}
 19539 | Orc:1    | Found Jydal's Jewellery Emporium.
 19544 | Orc:1    | Bought the amulet "Tawk" {Acrobat rElec rCorr MP-9} for 460
                  | gold pieces
 19694 | Orc:2    | Entered Level 2 of the Orcish Mines
 19694 | Orc:2    | Noticed Donald
 19781 | Orc:1    | Killed Donald
 19943 | Orc:2    | Found Uxootoo's Specific Store.
 19948 | Orc:2    | Found Cyujigimm's General Store.
 20129 | Orc:2    | Noticed Maurice
 20148 | Orc:2    | Reached ****** piety under Makhleb
 20203 | Orc:1    | Reached XP level 15. HP: 61/85 MP: 18/23
 20284 | Orc:1    | Reached skill level 10 in Invocations
 20319 | Orc:2    | Killed Maurice
 20910 | Orc:2    | Found a staircase to the Elven Halls.
 21066 | Orc:2    | HP: 1/86 [sun demon[an orc high priest] (5)]
 21298 | Orc:2    | Found Irchea Kyku's General Store.
 21298 | Orc:2    | Found Qakec's Distillery.
 21299 | Orc:2    | Found Mial's General Store.
 21299 | Orc:2    | Found Ikkeoro's Armour Boutique.
 21373 | Orc:2    | Bought a scroll of teleportation for 42 gold pieces
 21373 | Orc:2    | Bought a scroll of identify for 28 gold pieces
 21436 | Orc:2    | Bought a scroll of fear for 56 gold pieces
 21436 | Orc:2    | Bought a potion of haste for 140 gold pieces
 21440 | Orc:2    | Bought a potion of resistance for 160 gold pieces
 21440 | Orc:2    | Bought a potion of mutation for 128 gold pieces
 21440 | Orc:2    | Bought a potion of invisibility for 128 gold pieces
 21702 | D:11     | Upgraded the game from 0.31-a0-559-g03b8d61ab2 to
                  | 0.31-a0-569-g7ea453304b
 21856 | D:12     | Found a glowing golden altar of the Shining One.
 22518 | D:13     | Found Ymejagis's General Store.
 22603 | D:13     | Bought a potion of haste for 120 gold pieces
 22983 | D:14     | Noticed Urug
 22983 | D:14     | Noticed Nessos
 22983 | D:14     | Noticed Rupert
 22983 | D:14     | Found a gate to the Vaults.
 23122 | D:14     | Paralysed by Rupert for 2 turns
 23149 | D:14     | Killed Rupert
 23622 | D:13     | Reached skill level 15 in Fighting
 23858 | D:14     | Killed Urug
 23964 | D:13     | Killed Nessos
 24541 | D:15     | Entered Level 15 of the Dungeon
 24672 | D:15     | Reached XP level 16. HP: 75/95 MP: 19/24
 24857 | D:15     | Noticed Agnes
 24871 | D:15     | Killed Agnes
 25159 | D:15     | Found a staircase to the Depths.
 25171 | D:15     | Reached skill level 15 in Maces & Flails
 25286 | D:15     | Noticed Kirke
 25297 | D:15     | Killed Kirke
 25592 | D:12     | Killed Azrael
 25712 | D:12     | Found a glowing golden altar of the Shining One.
 26242 | Swamp:1  | Entered Level 1 of the Swamp
 26399 | Swamp:1  | Reached skill level 10 in Armour
 26906 | Orc:2    | Bought a +1 chain mail of poison resistance for 175 gold
                  | pieces
 27496 | Swamp:2  | Noticed a tentacled monstrosity
 27505 | Swamp:2  | Identified the amulet of Tuomuys {Spirit Fly rPois}
 27567 | Swamp:2  | Found a transporter.
 27567 | Swamp:2  | Noticed Puiheim's ghost (adept AtEn)
 27570 | Swamp:2  | Found a transporter.
 27946 | Swamp:2  | Slain by a six-headed hydra

Illustrated notes

Levels and vault maps discovered:
D:1:      amcnicky_arrival_gap_in_the_tavern_cellar, layout_rooms
D:2:      layout_basic, grunt_decor_mini_mirrors, minmay_joined_circles
D:3:      layout_loops_ring, supply_closet_lemuel
D:4:      layout_loops_ring, serial_glass, glass_columns_c, glass_columns_b,
          minmay_ruptured
D:5:      layout_cave_pools, mainiacjoe_overflow_alcove_1, serial_gnoll_camp,
          gnoll_camp_huts_basic, gnoll_camp_mini_doghouse,
          gnoll_camp_mini_house, gnoll_camp_mini_house,
          gnoll_camp_mini_loothouse, gnoll_camp_mini_hut, uniq_ijyb,
          uniq_grinder, uniq_pikel, uniq_prince_ribbit1
D:6:      layout_cave_pods, mainiacjoe_overflow_catwalk_spiral
D:7:      lemuel_ratsnest, layout_basic, minmay_temple_entry_gardened_gates,
          serial_demonic, serial_demonic_a, serial_demonic_d, serial_demonic_c,
          serial_demonic_f, serial_demonic_c, serial_demonic_d,
          serial_demonic_b, serial_demonic_a
D:8:      layout_basic, uniq_jeremiah, uniq_joseph, uniq_gastronok
D:9:      layout_basic, dpeg_oklobed_lair
D:10:     layout_gridville, mainiacjoe_overflow_big_doors,
          nicolae_trove_entry_crossroad, uniq_grum
D:11:     layout_loops_ring, erik_orc_1, ebering_ghost_disaster_area,
          serial_shops, bzr_entry_gold, kennysheep_small_square
D:12:     layout_gridville, tso_altar, uniq_azrael
D:13:     layout_roguey, serial_shops, nicolae_inconvenience_store
D:14:     layout_gridville, david_vaults_3, serial_bayou_pond_c, special_room
          [special_room_bee], nrook_guardian_serpent_ordinary
D:15:     grunt_enter_depths_snipers, layout_rooms, uniq_kirke, uniq_agnes
Temple:   minmay_crystal_spiral_temple
Lair:1:   layout_hall_layers, serial_bayou_lagoon_b
Lair:2:   layout_regular_city
Lair:3:   layout_small_grid, skrybe_swamp_entry_bodies,
          alex1729_snake_entry_snake
Lair:4:   layout_cave_pods, infiniplex_staircase_pool_2
Lair:5:   gammafunk_lair_ancient_temple, layout_regular_city,
          dpeg_slime_entry_corner, serial_bayou_pond_d,
          nicolae_lair_grazing_beasts [nicolae_sub_lair_graze_edge,
          nicolae_sub_lair_graze_edge, nicolae_sub_lair_graze_edge,
          nicolae_sub_lair_graze_edge], uniq_snorg, uniq_sonja
Swamp:1:  layout_falls_marsh, nicolae_swamp_very_dense_foliage
Swamp:2:  layout_basic_swamp, gammafunk_ghost_arena, nicolae_swamp_little_tower,
          swamp_pool1
Orc:1:    layout_diamond_mine, portal_ice_cave_entry_pillars_2, serial_shops,
          shop
Orc:2:    st_orc_pillars, layout_diamond_mine, nicolae_specific_store,
          uniq_rupert, uniq_donald, uniq_maurice

Skill      XL: |  1  2  3  4  5  6  7  8  9 10 11 12 13 14 15 16 |
---------------+-------------------------------------------------+-----
Short Blades   | 2 |  2.0
Fighting       | 3 4 5 6 10 12 15 | 15.0
Evocations     | 1 2 3 4 5 |  5.0
Maces & Flails | 1 2 3 4 8 11 13 14 15 | 15.9
Throwing       | 1 2 |  2.0
Armour         | 1 2 3 4 5 6 8 10 | 10.0
Invocations    | 5 9 10 | 10.6
Dodging        | 4 5 |  5.0
Shields        | 4 5 |  5.0
Stealth        | |  6.0

Action                     |  1- 3 |  4- 6 |  7- 9 | 10-12 | 13-15 | 16-18 || total
---------------------------+-------+-------+-------+-------+-------+-------++-------
  Melee: Short sword       |    16 |       |       |       |       |       ||    16
         Rapier            |     4 |       |       |       |       |       ||     4
         Bite              |    28 |    19 |   119 |   314 |   710 |   162 ||  1352
         Flail             |    87 |    78 |   370 |   792 |   566 |       ||  1893
         Punch             |     1 |       |    11 |     1 |       |       ||    13
         Morningstar       |       |       |       |       |  1237 |   381 ||  1618
  Throw: Dart              |       |     4 |     3 |     9 |    18 |       ||    34
         Javelin           |       |       |     4 |     9 |     7 |       ||    20
         Throwing net      |       |       |       |       |     1 |       ||     1
         Boomerang         |       |       |       |       |     5 |    10 ||    15
 Invoke: Lesser Servant of |       |       |       |       |    22 |    11 ||    33
  Evoke: Wand              |     1 |     1 |     8 |    29 |    15 |     3 ||    57
    Use: Scroll            |     5 |     3 |     3 |    10 |    15 |       ||    36
         Potion            |     1 |       |       |     5 |     8 |     3 ||    17
   Stab: Sleeping          |     6 |       |       |       |       |       ||     6
         Confused          |       |       |       |     2 |       |       ||     2
         Held in net/web   |       |       |       |       |     1 |       ||     1
         Petrified         |       |       |       |       |    12 |     3 ||    15
         Distracted        |       |       |       |       |     7 |     3 ||    10
         Invisible         |       |       |       |       |     3 |       ||     3
         Petrifying        |       |       |       |       |       |     1 ||     1
 Armour: Leather armour    |     9 |       |       |       |       |       ||     9
         Chain mail        |    38 |    50 |   278 |   371 |   348 |    16 ||  1101
         Plate armour      |       |       |       |       |   437 |   213 ||   650
  Dodge: Dodged            |    51 |    25 |   206 |   291 |   913 |   204 ||  1690
  Block: Other             |       |       |    25 |    31 |       |       ||    56
         Buckler           |       |       |       |   297 |   511 |       ||   808
         Reflection        |       |       |       |    11 |     6 |       ||    17
         Kite shield       |       |       |       |       |   397 |   183 ||   580

Table legend: (Time is in decaauts)
 A = Elapsed time spent in this place.
 B = Non-inter-level travel time spent in this place.
 C = Inter-level travel time spent in this place.
 D = Time resting spent in this place.
 E = Time spent auto-exploring this place.
 F = Levels seen in this place.
 G = Mean time per level.
                   A        B        C        D        E       F      G
               +--------+--------+--------+--------+--------+-----+--------+
         Total |  27845 |  25550 |   2295 |   3403 |  12362 |  26 | 1071.0 |
       Dungeon |  16065 |  14836 |   1229 |   1517 |   7805 |  15 | 1071.0 |
        Temple |    174 |      2 |    172 |      0 |      0 |   1 |  174.0 |
          Lair |   6235 |   5850 |    385 |    782 |   2946 |   5 | 1247.0 |
         Swamp |   1319 |   1273 |     46 |    205 |    559 |   2 |  659.5 |
  Orcish Mines |   2910 |   2448 |    462 |    440 |    926 |   2 | 1455.0 |
      Ice Cave |   1139 |   1139 |      0 |    458 |    125 |   1 | 1139.0 |
               +--------+--------+--------+--------+--------+-----+--------+

Top non-repeatable levels by time:
    D:12: 1821 daAuts
   Orc:2: 1666 daAuts
  Lair:5: 1652 daAuts
     D:8: 1563 daAuts
    D:13: 1499 daAuts
  Lair:3: 1442 daAuts
    D:11: 1278 daAuts
   Orc:1: 1244 daAuts
     D:5: 1242 daAuts
  Lair:2: 1230 daAuts
   IceCv: 1139 daAuts
    D:10: 1065 daAuts
     D:4: 1048 daAuts
     D:7: 1029 daAuts
 Swamp:1: 1007 daAuts
